AoeStats
← [LCDR] Chorobura

Arabian Desert

510517878Analyzed
1v1 RM · 11h ago on Oct 1, 2026· 43m 51s· 2 players
Game mode
Random Map
Map size
Tiny (2 player)
Population
200
Speed
Normal
Resources
Standard
Victory
Conquest
Starting age
Dark Age
Ending age
Imperial Age
RankedLock teamsTeams togetherTeam positionsShared explorationLock speedFull tech treeHidden civsTurbo modeCheats
Victory
Defeat
🇨🇳 Saracens · China
1728
+17
🇧🇷 Wei · Brazil
1752
-17
亮刀吧
5:58 Loom
9:47 Feudal Age
10:35 Double-Bit Axe
15:29 Fletching
15:59 Fletching
22:12 Castle Age
21:11 Gold Mining
21:47 Padded Archer Armor
22:52 Bodkin Arrow
22:22 Elite Skirmisher
23:19 Bow Saw
26:36 Town Watch
28:31 Leather Archer Armor
29:19 Ballistics
30:32 Horse Collar
31:20 Bloodlines
33:08 Wheelbarrow
35:31 Scale Barding Armor
39:54 Imperial Age
38:47 Husbandry
39:10 Chain Barding Armor
39:01 Forging
39:36 Hand Cart
40:39 Bracer
43:02 Plate Barding Armor
42:59 Heavy Camel Rider
[LCDR] Chorobura
6:02 Loom
8:52 Feudal Age
10:00 Double-Bit Axe
16:07 Fletching
16:52 Horse Collar
19:32 Padded Archer Armor
24:05 Castle Age
23:42 Bloodlines
24:46 Bodkin Arrow
27:33 Bow Saw
31:46 Ballistics
33:02 Scale Barding Armor
38:12 Husbandry
44:10 Thumb Ring
Connection lost

Rejoining the realm…

Still unreachable

The connection could not be restored.

Session expired

The server has moved on; the page needs a fresh start.